 Dungeon Crawl Stone Soup version 0.30-a0-313-gae38170b09 (webtiles) character file.

Game seed: 10485080106047332241

752 Biblin the Severer (level 7, -11/60 HPs)
             Began as a Hill Orc Fighter on Oct 26, 2022.
             Mangled by a hellephant (21 damage)
             ... on level 3 of the Abyss.
             The game lasted 00:13:00 (3185 turns).

Biblin the Severer (Hill Orc Fighter)               Turns: 3185, Time: 00:13:01

Health: -11/60     AC: 12    Str: 21    XL:     7   Next: 78%
Magic:  7/7        EV:  7    Int:  8    God:
Gold:   223        SH:  9    Dex: 10    Spells: 6/6 levels left

rFire   . . .      SeeInvis .    a - +1 war axe
rCold   . . .      Faith    .    c - +0 buckler
rNeg    . . .      Spirit   .    g - +0 chain mail
rPois   .          Reflect  +    (no helmet)
rElec   .          Harm     .    s - +0 cloak
rCorr   .          Rampage  .    p - +0 pair of gloves
Will    .....                    (no boots)
Stlth   ..........               b - amulet of reflection
HPRegen 0.30/turn                (no ring)
MPRegen 0.10/turn                (no ring)

@: no status effects
A: no striking features
a: no special abilities


You were on level 3 of the Abyss.
You visited 1 branch of the dungeon, and saw 5 of its levels.
You visited the Abyss 1 time.

You collected 223 gold pieces.

Inventory:

Hand Weapons
 a - a +1 war axe (weapon)
 d - a +2 mace of protection
 r - a +3 quarterstaff of chaos
Armour
 c - a +0 buckler (worn)
 g - a +0 chain mail (worn)
 p - a +0 pair of gloves (worn)
 s - a +0 cloak (worn)
Jewellery
 b - an amulet of reflection (around neck)
 i - a ring of wizardry
Wands
 f - a wand of roots (4)
 q - a wand of polymorph (2)
Scrolls
 e - 4 scrolls of magic mapping
 t - 2 scrolls of identify
 u - a scroll of poison
Potions
 h - 2 potions of curing
 j - 3 potions of mutation
 k - a potion of lignification
 l - a potion of haste {unknown}
 m - a potion of flight {unknown}
 o - a potion of brilliance {unknown}
 v - a potion of degeneration {unknown}


   Skills:
 * Level 4.8 Fighting
 * Level 16.9 Axes
 * Level 4.5 Armour
 * Level 4.7 Shields


You had 6 spell levels left.
You didn't know any spells.
Your spell library contained the following spells:

 Spells                   Type           Power      Damage    Failure   Level
 Shock                    Conj/Air       0%         1d3       99%         1
 Summon Small Mammal      Summ           0%         N/A       99%         1
 Cigotuvi's Dreadful Rot  Necr/Pois/Air  0%         N/A       100%        2
 Poisonous Vapours        Pois/Air       0%         N/A       100%        2
 Call Canine Familiar     Summ           0%         N/A       100%        3
 Gell's Gravitas          Tloc           0%         N/A       100%        3
 Mephitic Cloud           Conj/Pois/Air  0%         N/A       100%        3
 Summon Guardian Golem    Hex/Summ       0%         N/A       100%        3
 Swiftness                Air            0%         N/A       100%        3
 Teleport Other           Tloc           0%         N/A       100%        3
 Airstrike                Air            0%         2d(0-16)  100%        4
 Summon Lightning Spire   Summ/Air       0%         N/A       100%        4
 Lightning Bolt           Conj/Air       0%         1d11      100%        5
 Dispersal                Tloc           0%         N/A       100%        6


Dungeon Overview and Level Annotations

Branches:
Dungeon (5/15)
 Temple: D:4-7

Altars:
Hepliaklqana
Kikubaaqudgha
Wu Jian
Zin

Shops:
D:4 [

Annotations:
D:4 2 transporters, Lanoc's ghost, novice KoEn
D:5 Edmund


Message History

The small abomination attacks as you move away!
You block the small abomination's attack.
The hellephant blinks!
The small abomination attacks as you move away!
The small abomination hits you but does no damage.
The hellephant blinks!
Blink to where?
Press: ? - help, Dir - move target
As you read the scroll of blinking, it crumbles to dust.
As you read the scroll labelled XUACLI PETWIAR, it crumbles to dust.
It is a scroll of enchant weapon.
Your +0 war axe glows red for a moment.
The pearl dragon breathes cleansing flame at you.
Found a gateway leading deeper into the Abyss.
There is a gateway leading deeper into the Abyss here.
You start resting.
There are monsters nearby!
The pearl dragon breathes cleansing flame at you.
The blast of cleansing flame engulfs you!
* * * LOW HITPOINT WARNING * * *
You hear a bark!
You plunge deeper into the Abyss.
The abyssal rune of Zot can be found at this depth.
You start resting.
A will-o-the-wisp comes into view.
The will-o-the-wisp gives a chilling moan.
You start resting.
A will-o-the-wisp is nearby!
Found a gateway leading deeper into the Abyss.
The will-o-the-wisp blinks!
You block the hellephant's attack. x2; The hellephant gores you.
* * * LOW HITPOINT WARNING * * *
The hellephant attacks as you move away!
The hellephant barely misses you.
The hellephant bites you but does no damage.
The hellephant gores you.
* * * LOW HITPOINT WARNING * * *
The hellephant attacks as you move away!
The hellephant tramples you!!
You die...

.. #...##.##...#.#.#
.....#..#.#.#.##.....
..###....#.#.........
.... ....#.#......#
....##...#.#..#...## .
.....#...#..#....##
........#...#.. ....#..
#.#.###..#.#..>#.......
## ..#.###..#@# ..##.#
#..Y#.# # #. #.#..#...
#. ..#..# ....# .#.####
....# # . ...#.. #.
...#..# ..#. .#


You could see a hellephant.

Vanquished Creatures
  Sigmund (D:3)
  2 hounds (D:4)
  Crazy Yiuf (D:3)
  A jelly (D:4)
  Terence (D:3)
  5 adders
  3 worms (D:2)
  2 dart slugs
  9 orcs
  4 ball pythons
  2 endoplasms
  3 giant cockroaches
  5 goblins
  4 hobgoblins
  A quokka (D:2)
  3 bats
  3 frilled lizards
  8 kobolds
  6 rats
  A spectral kobold (D:4)
65 creatures vanquished.

Vanquished Creatures (others)
  4 starspawn tentacles (Abyss:1)
4 creatures vanquished.

Grand Total: 69 creatures vanquished

Notes
Turn   | Place    | Note
-------+----------+-------------------------------------------
     0 | D:1      | Biblin the Hill Orc Fighter began the quest for the Orb.
     0 | D:1      | Reached XP level 1. HP: 19/19 MP: 1/1
    90 | D:1      | Found a faded altar of an unknown god.
   166 | D:1      | Reached XP level 2. HP: 27/27 MP: 2/2
   500 | D:1      | Reached skill level 3 in Axes
   707 | D:2      | Reached XP level 3. HP: 33/33 MP: 3/3
  1185 | D:2      | Reached skill level 4 in Axes
  1360 | D:3      | Reached XP level 4. HP: 40/40 MP: 4/4
  1427 | D:3      | Noticed Sigmund
  1432 | D:3      | Killed Sigmund
  1433 | D:3      | Reached skill level 5 in Axes
  1433 | D:3      | Reached XP level 5. HP: 36/47 MP: 5/5
  1433 | D:3      | Reached XP level 6. HP: 40/53 MP: 6/6
  1755 | D:3      | Found a runed translucent door.
  1756 | D:3      | Noticed Crazy Yiuf
  1768 | D:3      | Killed Crazy Yiuf
  1769 | D:3      | Reached skill level 6 in Axes
  1890 | D:3      | Noticed Terence
  1915 | D:3      | Killed Terence
  2370 | D:4      | Found a transporter.
  2381 | D:4      | Reached skill level 16 in Axes
  2381 | D:4      | Reached XP level 7. HP: 60/60 MP: 7/7
  2384 | D:4      | Noticed Lanoc's ghost (novice KoEn)
  2439 | D:4      | Found a transporter.
  2491 | D:4      | Found an ornate altar of the Wu Jian Council.
  2639 | D:4      | Found Tiarytic's Armour Shop.
  2766 | D:4      | Found a hazy altar of Hepliaklqana.
  2805 | D:4      | Found an ancient bone altar of Kikubaaqudgha.
  2832 | D:4      | Found a glowing silver altar of Zin.
  2923 | D:5      | Entered Level 5 of the Dungeon
  2923 | D:5      | Noticed Edmund
  2926 | Abyss:1  | Cast into level 1 of the Abyss (Edmund)
  2949 | Abyss:1  | Found a corrupted altar of Lugonu.
  2956 | Abyss:1  | Noticed a bone dragon
  3053 | Abyss:1  | Noticed a lich
  3056 | Abyss:1  | Noticed a tentacled starspawn
  3101 | Abyss:2  | Noticed a hellephant
  3101 | Abyss:2  | Noticed a pearl dragon
  3103 | Abyss:2  | Noticed a smoke demon
  3106 | Abyss:2  | Noticed a starcursed mass
  3170 | Abyss:3  | Noticed a will-o-the-wisp
  3185 | Abyss:3  | Mangled by a hellephant

Illustrated notes

Levels and vault maps discovered:
D:1:      nzn_arrival_settlement, layout_rooms,
          hellmonk_ecumenical_altar_arch_garden, minmay_tromino_v4_a
D:2:      layout_loops_cross, minmay_statues_item
D:3:      layout_loops_ring, minmay_bisected, uniq_crazy_yiuf_cottage,
          uniq_terence, uniq_sigmund
D:4:      layout_basic, nicolae_hepliaklqana_monster_ancestors,
          mainiacjoe_overflow_small_starburst, mainiacjoe_overflow_alcove_2,
          kennysheep_little_box, gammafunk_ghost_stat_death, serial_shops, shop
D:5:      layout_loops_cross, hex_large, minmay_holes, uniq_eustachio,
          uniq_edmund
Abyss:3:  base: Temple, hangedman_decor_peaks_small

Skill      XL: |  1  2  3  4  5  6 |
---------------+-------------------+-----
Axes           | 3 4 5 16 | 16.9
Fighting       | 4 |  4.8
Armour         | 4 |  4.5
Shields        | 4 |  4.7

Action                   |  1- 3 |  4- 6 |  7- 9 || total
-------------------------+-------+-------+-------++-------
Melee: War axe           |   116 |    78 |    50 ||   244
       Unarmed           |       |     4 |       ||     4
  Use: Scroll            |     5 |     3 |     2 ||    10
       Potion            |       |     2 |       ||     2
Armor: Scale mail        |     6 |       |       ||     6
       Chain mail        |    44 |    31 |    22 ||    97
Dodge: Dodged            |    34 |    14 |    13 ||    61
Block: Buckler           |    79 |    34 |    18 ||   131
       Reflection        |       |     1 |       ||     1

Table legend: (Time is in decaauts)
 A = Elapsed time spent in this place.
 B = Non-inter-level travel time spent in this place.
 C = Inter-level travel time spent in this place.
 D = Time resting spent in this place.
 E = Time spent auto-exploring this place.
 F = Levels seen in this place.
 G = Mean time per level.
                   A        B        C        D        E       F      G
               +--------+--------+--------+--------+--------+-----+--------+
         Total |   3235 |   3078 |    157 |    145 |   2083 |   8 |  404.4 |
       Dungeon |   2976 |   2819 |    157 |    119 |   2055 |   5 |  595.2 |
         Abyss |    258 |    258 |      0 |     26 |     28 |   3 |   86.0 |
               +--------+--------+--------+--------+--------+-----+--------+

Top non-repeatable levels by time:
     D:3: 1010 daAuts
     D:2: 785 daAuts
     D:4: 592 daAuts
     D:1: 585 daAuts
 Abyss:1: 138 daAuts
 Abyss:2: 86 daAuts
 Abyss:3: 32 daAuts
     D:5: 2 daAuts
